 Dungeon Crawl Stone Soup version 0.31.0-4-g52a2dc7128 (webtiles) character file.

Game seed: 15359322713240162329

18968 zenocrate the Covert (level 12, -8/56 HPs)
             Began as a Vine Stalker Enchanter on Jan 23, 2024.
             Was an Initiate of Gozag.
             Succumbed to an orange demon's poison
             ... on level 2 of the Lair of Beasts.
             The game lasted 00:20:25 (12770 turns).

zenocrate the Covert (Vine Stalker Enchanter)      Turns: 12770, Time: 00:20:26

Health: -8/56      AC: 13    Str: 12    XL:     12   Next: 64%
Magic:  12/25      EV: 17    Int: 15    God:    Gozag
Gold:   390        SH:  0    Dex: 19    Spells: 2/15 levels left

rFire   . . .        b - +1 dagger (distort)
rCold   . . .        (no shield)
rNeg    + . .        A - +0 steam dragon scales
rPois   .            O - +0 helmet
rElec   .            r - +2 cloak
rCorr   +            B - +1 pair of gloves
SInv    .            j - +0 pair of boots
Will    +....        s - amulet of the acrobat
Stlth   +++++        R - ring of Veuvoatz {Fly rN+ rCorr}
HPRegen 1.09/turn    d - ring of magical power
MPRegen 0.19/turn

%: acrobat, guardian spirit
@: lethally poisoned (-8 -> -42), gold aura, flying, slowed, very slow
A: fangs 3, regeneration 1, magic shield, antimagic bite, no potion heal 2
a: Renounce Religion, Potion Petition, Call Merchant, Bribe Branch


You were on level 2 of the Lair of Beasts.
You worshipped Gozag.
Gozag was aware of your devotion.
You visited 3 branches of the dungeon, and saw 15 of its levels.

You collected 1480 gold pieces.
You spent 912 gold pieces at shops.
You paid 178 gold pieces to Gozag.

Inventory:

Hand Weapons
 a - a +0 rapier
 b - a +1 dagger of distortion (weapon)
Missiles
 k - 8 curare-tipped darts
 n - 17 javelins
 C - 6 throwing nets
 G - 37 poisoned darts (quivered)
Armour
 j - a +0 pair of boots (worn)
 r - a +2 cloak (worn)
 A - +0 steam dragon scales (worn)
 B - a +1 pair of gloves (worn)
 O - a +0 helmet (worn)
Jewellery
 d - a ring of magical power (right hand)
 q - an amulet of reflection
 s - an amulet of the acrobat (around neck)
 x - a ring of positive energy
 R - the ring of Veuvoatz (left hand) {Fly rN+ rCorr}
   (You found it on level 9 of the Dungeon)

   [ring of flight]

   rN+:       It protects you from negative energy.
   Fly:       It grants you flight.
   rCorr:     It protects you from acid and corrosion.
Wands
 t - a wand of flame (41)
 D - a wand of digging (4)
 E - a wand of mindburst (6)
 K - a wand of roots (3)
 M - a wand of acid (8)
Scrolls
 e - a scroll of torment {unknown}
 g - 3 scrolls of vulnerability
 h - 3 scrolls of poison
 i - 4 scrolls of fog
 l - 2 scrolls of silence
 m - a scroll of blinking
 p - 2 scrolls of brand weapon {unknown}
 u - 4 scrolls of teleportation
 v - a scroll of amnesia {unknown}
 F - 2 scrolls of fear {unknown}
 I - 2 scrolls of revelation {unknown}
Potions
 c - 2 potions of invisibility
 f - 2 potions of cancellation
 o - a potion of might
 w - a potion of attraction
 z - a potion of lignification
 H - a potion of curing {unknown}
 J - a potion of enlightenment
 L - a potion of magic {unknown}
 N - 3 potions of haste
 S - a potion of resistance
Miscellaneous
 y - a condenser vane (inert)


   Skills:
 - Level 3.0 Fighting
 + Level 9.4 Short Blades
 - Level 3.1 Armour
 + Level 7.8 Dodging
 + Level 12.3 Stealth
 - Level 2.1 Spellcasting
 + Level 9.6 Hexes
 - Level 4.1 Ice Magic
 + Level 4.8 Evocations


You had 2 spell levels left.
You knew the following spells:

 Your Spells              Type           Power      Damage    Failure   Level
a - Ensorcelled Hibernat  Hex/Ice        44%        N/A       1%          2
b - Confusing Touch       Hex            30%        N/A       1%          3
c - Tukima's Dance        Hex            30%        N/A       1%          3
d - Dazzling Flash        Conj/Hex       32%        N/A       9%          3
x - Blink                 Tloc           2%         N/A       32%         2

Your spell library contained the following spells:

 Spells                   Type           Power      Damage    Failure   Level
 Sting                    Conj/Alch      4%         1d3       22%         1
 Lesser Beckoning         Tloc           2%         N/A       32%         2
 Momentum Strike          Conj/Tloc      2%         3d8       32%         2
 Frozen Ramparts          Ice            28%        1d5       12%         3
 Hailstorm                Conj/Ice       7%         3d5       28%         3
 Dimensional Bullseye     Hex/Tloc       8%         N/A       30%         4
 Metabolic Englaciation   Hex/Ice        11%        N/A       34%         5
 Stone Arrow              Conj/Erth      2%         3d7       54%         3
 Animate Armour           Summ/Erth      2%         N/A       91%         4
 Iskenderun's Mystic Bla  Conj/Tloc      1%         2d3       91%         4
 Leda's Liquefaction      Alch/Erth      0%         N/A       91%         4
 Petrify                  Alch/Erth      1%         N/A       91%         4
 Summon Forest            Summ/Tloc      0%         N/A       99%         5
 Lehudib's Crystal Spear  Conj/Erth      0%         10d2      100%        8


Dungeon Overview and Level Annotations

Branches:
Dungeon (10/15)            Temple (1/1) D:7            Lair (4/5) D:10
  Swamp (0/4) Lair:2
  Snake: Lair:2-3    Spider: Lair:2-3     Slime: Lair:4-5       Orc: D:9-12

Altars:
Ashenzari
Cheibriados
Dithmenos
Elyvilon
Fedhas
Gozag
Hepliaklqana
Kikubaaqudgha
Makhleb
Nemelex Xobeh
Okawaru
Qazlal
Ru
Sif Muna
Trog
Uskayaw
Vehumet
Wu Jian
Xom
Yredelemnul
Zin
The Shining One

Shops:
D:9 *

Annotations:
D:8 exclusion: 2 oklob saplings


Innate Abilities, Weirdness & Mutations

You have razor-sharp teeth.
Your natural rate of healing is unusually fast.
When hurt, damage is shared between your health and your magic reserves.
Your bite disrupts and absorbs the magic of your enemies.
Potions cannot restore your health.


Message History

The bolt of acid misses the wolf.
The bolt of acid hits the orange demon!!
The acid corrodes the orange demon!
The orange demon is moderately wounded.
You feel sick. The wolf misses you. The orange demon barely misses you.
The wolf bites you but does no damage. The orange demon stings you from afar.
* * * LOW HITPOINT WARNING * * *
You are lethally poisoned!
The orange demon poisons you!
Unknown command.
Unknown command.
Unknown command.
Unknown command.
Aiming: Corrosive Bolt
Press: ? - help, Shift-Dir - straight line, f/p - orange demon
Aim: an orange demon (moderately wounded, covered in acid, 84% to hit)
The bolt of acid hits the wolf!
The wolf is heavily wounded.
The bolt of acid hits the orange demon!!
The orange demon seems to be corroded for longer.
The orange demon is severely wounded.
* * * LOW HITPOINT WARNING * * *
You feel extremely sick. The wolf bites you but does no damage.
The wolf misses you. The orange demon stings you from afar.
* * * LOW HITPOINT WARNING * * *
You are more poisoned.
The orange demon poisons you! The wolf bites you.
* * * LOW HITPOINT WARNING * * *
Unknown command.
Unknown command.
Unknown command.
Unknown command.
Okay, then.
Okay, then.
Blink to where?
Press: ? - help, Dir - move target, p - orange demon
As you read the scroll of blinking, it crumbles to dust.
You die...
Your body crumbles into a pile of gold.

.. ### ## ##
#..#§####P#...#
#..#h##P.......
####..#4h...~♣§...
#.......##n♣§~~~.#
(....#..$..§§§§~..
.### ##$.#§♣§§§§?.
#..##..~♣§.h.
#P@###.§...h.
#...##.##....
#.#..##. #.
###..####
#######...#
#.#..#...+## .
##.........# ..
#....>....# P..
#.........##
##....


You could see an orange demon (corroded), a bog body (confused, magic disrupted)
and 2 wolves.

Vanquished Creatures
  A boulder beetle (Lair:4)
  3 two-headed ogres
  A tengu warrior (D:10)
  A bog body (Lair:2)
  Joseph (D:8)
  8 cane toads
  A rime drake (Lair:2)
  Psyche (D:8)
  2 hornets (D:8)
  Prince Ribbit (D:6)
  3 blink frogs (Lair:2)
  Sigmund (D:5)
  A shadow (D:10)
  A wyvern (D:7)
  29 yaks
  A vampire (D:9)
  3 basilisks
  3 steam dragons
  A warg (D:10)
  2 redbacks (Lair:2)
  Edmund (D:4)
  Duvessa (D:7)
  4 water moccasins
  A sky beast (D:7)
  2 ice beasts (D:6)
  A hornet zombie (D:8)
  2 orc warriors
  2 black bears
  4 wolves
  4 kobold brigands
  6 bullfrogs
  2 wyvern zombies (D:8)
  A gnoll sergeant (D:9)
  3 scorpions
  12 wights (D:8)
  Dowan (D:7)
  9 killer bees (D:8)
  3 howler monkeys
  2 jellies
  2 bombardier beetles
  3 orc priests
  A gnoll bouda (D:8)
  6 hounds
  A sleepcap (D:7)
  4 iguanas
  Natasha (thrice) (D:4)
  2 orc wizards
  2 howler monkey zombies (D:8)
  13 gnolls
  10 adders
  A shadow imp (D:8)
  4 ufetubi
  A dart slug (D:2)
  3 ribbon worms (D:2)
  14 orcs
  6 bats
  8 endoplasms
  4 giant cockroaches
  9 goblins
  6 hobgoblins
  8 jackals
  24 kobolds
  5 quokkas
  13 ball pythons
  2 frilled lizards
  7 rats
288 creatures vanquished.

Vanquished Creatures (others)
  A kobold (D:7)
1 creature vanquished.

Grand Total: 289 creatures vanquished

Notes
Turn   | Place    | Note
-------+----------+-------------------------------------------
     0 | D:1      | zenocrate the Vine Stalker Enchanter began the quest for
                  | the Orb.
     0 | D:1      | Reached XP level 1. HP: 9/9 MP: 4/4
    40 | D:1      | Reached skill level 1 in Short Blades
   110 | D:1      | Reached XP level 2. HP: 13/13 MP: 3/6
   118 | D:1      | Learned a level 2 spell: Ensorcelled Hibernation
   696 | D:2      | Reached skill level 4 in Stealth
   737 | D:2      | Reached XP level 3. HP: 16/16 MP: 7/7
   741 | D:2      | Learned a level 3 spell: Confusing Touch
  1431 | D:2      | Found a radiant altar of Vehumet.
  1437 | D:2      | Reached XP level 4. HP: 21/21 MP: 8/8
  1666 | D:3      | Reached skill level 1 in Ice Magic
  1747 | D:3      | Found a faded altar of an unknown god.
  1894 | D:3      | Reached skill level 1 in Armour
  2052 | D:3      | Reached XP level 5. HP: 24/24 MP: 9/9
  2056 | D:3      | Learned a level 3 spell: Tukima's Dance
  2744 | D:4      | Noticed Natasha
  2749 | D:4      | Killed Natasha
  2932 | D:4      | Noticed Edmund
  2956 | D:4      | Killed Edmund
  2957 | D:4      | Reached skill level 5 in Stealth
  2957 | D:4      | Reached XP level 6. HP: 27/28 MP: 10/10
  3041 | D:4      | Noticed Natasha
  3054 | D:4      | Killed Natasha
  3178 | D:4      | Noticed Natasha
  3191 | D:4      | Killed Natasha
  3827 | D:4      | Reached XP level 7. HP: 32/32 MP: 11/11
  4115 | D:5      | Entered Level 5 of the Dungeon
  4444 | D:5      | Learned a level 2 spell: Blink
  4653 | D:5      | Noticed a yak
  4655 | D:5      | Noticed a yak
  4655 | D:5      | Noticed a yak
  4660 | D:5      | Killed a yak
  4661 | D:5      | Reached skill level 6 in Stealth
  4661 | D:5      | Gained mutation: You have razor-sharp teeth. [Vine Stalker
                  | growth]
  4661 | D:5      | Reached XP level 8. HP: 35/36 MP: 12/12
  4668 | D:5      | Killed a yak
  4681 | D:5      | Killed a yak
  4682 | D:5      | Reached skill level 5 in Hexes
  4888 | D:5      | Found a glowing golden altar of the Shining One.
  4920 | D:5      | Noticed Sigmund
  4925 | D:5      | Killed Sigmund
  4951 | D:5      | Reached skill level 1 in Evocations
  5255 | D:6      | Noticed Prince Ribbit
  5261 | D:6      | Killed Prince Ribbit
  5262 | D:6      | Reached skill level 7 in Stealth
  5262 | D:6      | Reached XP level 9. HP: 39/39 MP: 13/13
  5275 | D:6      | Found a sacrificial altar of Ru.
  5430 | D:6      | You fall into a shaft and drop 1 floor!
  6298 | D:7      | Found a staircase to the Ecumenical Temple.
  6543 | D:7      | Reached skill level 8 in Stealth
  6564 | D:7      | Reached skill level 5 in Short Blades
  6615 | D:7      | Found an iron altar of Okawaru.
  6615 | D:7      | Found a blossoming altar of Fedhas.
  6682 | D:7      | Noticed Dowan
  6685 | D:7      | Noticed Duvessa
  6686 | D:7      | Killed Dowan
  6716 | D:7      | Killed Duvessa
  6844 | D:8      | Noticed Joseph
  6938 | D:8      | Reached skill level 5 in Dodging
  6974 | D:8      | Killed Joseph
  6975 | D:8      | Reached XP level 10. HP: 32/44 MP: 1/14
  7281 | D:8      | Noticed a two-headed ogre
  7291 | D:8      | Killed a two-headed ogre
  7292 | D:8      | Reached skill level 9 in Stealth
  7987 | D:8      | Found a stormy altar of Qazlal.
  7987 | D:8      | Noticed Psyche
  7992 | D:8      | Killed Psyche
  7993 | D:8      | Reached skill level 10 in Stealth
  7993 | D:8      | Reached XP level 11. HP: 47/47 MP: 15/15
  8369 | D:8      | Got the Handbook of Nature
  8561 | D:8      | Learned a level 3 spell: Dazzling Flash
  8674 | Temple   | Entered the Ecumenical Temple
  8749 | Temple   | Became a worshipper of Gozag Ym Sagoz the Greedy
  8897 | D:9      | Reached skill level 1 in Fighting
  9184 | D:9      | Found Ybbeumul's General Store.
  9187 | D:9      | Noticed a two-headed ogre
  9191 | D:9      | Killed a two-headed ogre
  9197 | D:9      | Bought a potion of cancellation for 96 gold pieces
  9197 | D:9      | Bought a scroll of teleportation for 36 gold pieces
  9197 | D:9      | Bought a wand of acid (5) for 252 gold pieces
  9197 | D:9      | Bought a scroll of fog for 48 gold pieces
  9287 | D:9      | Identified the ring of Veuvoatz {Fly rN+ rCorr}
  9518 | D:10     | Entered Level 10 of the Dungeon
  9972 | D:10     | Noticed a two-headed ogre
  9976 | D:10     | Killed a two-headed ogre
 10032 | D:10     | Found a staircase to the Lair.
 10070 | D:10     | Reached skill level 11 in Stealth
 10453 | D:10     | Noticed a tengu warrior
 10462 | D:10     | Killed a tengu warrior
 10883 | Lair:1   | Entered Level 1 of the Lair of Beasts
 11124 | Lair:1   | Reached XP level 12. HP: 56/56 MP: 16/16
 11899 | D:9      | Bought a condenser vane for 480 gold pieces
 12078 | Lair:2   | Found a staircase to the Swamp.
 12080 | Lair:2   | You are sucked into a shaft and drop 2 floors!
 12129 | Lair:4   | Noticed a boulder beetle
 12133 | Lair:4   | Killed a boulder beetle
 12439 | Lair:3   | Reached skill level 12 in Stealth
 12770 | Lair:2   | Succumbed to an orange demon's poison

Illustrated notes

Levels and vault maps discovered:
D:1:      tarquinn_simple_flora_water_a, layout_basic, st_stairs_12,
          minivault_11
D:2:      layout_basic, basic_altar, minmay_quadrilaterals
D:3:      layout_loops_corners, chequers_ecumenical_altar_simple
D:4:      layout_layer_cave, uniq_natasha, uniq_edmund
D:5:      layout_basic, lemuel_round_altar, uniq_sigmund
D:6:      layout_loops_ring, mainiacjoe_overflow_concentric_impassable,
          minmay_misc_feat_roman, uniq_prince_ribbit1
D:7:      layout_loops_ring, gammafunk_temple_overflow_wave,
          minmay_temple_entry_enclosed_plants, uniq_duvessa
D:8:      layout_loops_ring, lemuel_tele_altar, serial_undead, serial_undead_b,
          serial_undead_d, serial_undead_c, serial_undead_a,
          hangedman_decor_peaks_small, minivault_10, introduction_to_nature_2,
          uniq_psyche, uniq_joseph
D:9:      layout_roguey, serial_shops, nicolae_shop_statue_plus,
          evilmike_butchery
D:10:     layout_grid_maze, erik_lair_orcish_takeover, minivault_27
Temple:   minmay_temple_bridge_d
Lair:1:   layout_regular_city
Lair:2:   layout_roguey [special_room_bee], skrybe_swamp_entry_bodies,
          spider_nest_entry_webs, grunt_megastairs_4, uniq_amaemon
Lair:3:   layout_cave_pods, beast_lair_carwin_4
Lair:4:   layout_cave_pods, st_stairs_12, minivault_27,
          grunt_forest_large_clearing_hut, lemuel_fruit_fields

Skill      XL: |  1  2  3  4  5  6  7  8  9 10 11 12 |
---------------+-------------------------------------+-----
Short Blades   | 1 2 3 4 5 7 8 9 |  9.4
Stealth        | 4 5 6 7 8 10 11 12 | 12.3
Dodging        | 2 3 4 5 6 7 |  7.8
Ice Magic      | 1 2 3 4 |  4.1
Armour         | 1 2 3 |  3.1
Hexes          | 4 5 6 7 8 9 |  9.6
Evocations     | 1 3 4 |  4.8
Fighting       | 3 |  3.0
Spellcasting   | |  2.1

Action                     |  1- 3 |  4- 6 |  7- 9 | 10-12 || total
---------------------------+-------+-------+-------+-------++-------
  Melee: Dagger            |   102 |    85 |   217 |   455 ||   859
         Bite              |    21 |    17 |    61 |   148 ||   247
         Punch             |       |     1 |     4 |     7 ||    12
   Cast: Ensorcelled Hiber |    13 |    50 |    66 |   123 ||   252
         Confusing Touch   |       |     1 |    10 |    24 ||    35
  Evoke: Wand              |       |       |     9 |     5 ||    14
         Condenser vane    |       |       |       |     1 ||     1
    Use: Scroll            |       |     1 |     8 |     8 ||    17
         Potion            |       |     1 |     2 |       ||     3
   Stab: Sleeping          |    10 |    32 |    45 |    68 ||   155
         Invisible         |       |     4 |       |       ||     4
         Confused          |       |     1 |     6 |    16 ||    23
         Distracted        |       |       |     1 |     4 ||     5
 Armour: Robe              |    53 |    24 |    58 |       ||   135
         Steam dragon scal |       |       |    66 |   203 ||   269
         Skin              |       |       |    14 |       ||    14
  Dodge: Dodged            |    54 |    57 |   124 |   240 ||   475
  Block: Other             |       |     9 |    52 |    60 ||   121
         Reflection        |       |       |     1 |     4 ||     5
